 Dungeon Crawl Stone Soup version 0.24-a0-462-ge24419a6ad (webtiles) character file.

Game seed: 10226959173058756602

182957 Gargoyl the Severer (level 17, 0/144 HPs)
             Began as a Centaur Abyssal Knight on July 1, 2019.
             Was a High Priest of Lugonu.
             Killed from afar by a hell knight (12 damage)
             ... with a bolt of fire
             ... on level 1 of the Depths.
             The game lasted 01:04:34 (43896 turns).

Gargoyl the Severer (Centaur Abyssal Knight)       Turns: 43896, Time: 01:04:34

Health: 0/144      AC: 42    Str: 17    XL:     17   Next: 72%
Magic:  27/27      EV: 25    Int:  7    God:    Lugonu [*****.]
Gold:   2708       SH: 12    Dex: 28    Spells: 16/16 levels left

rFire    . . .     SeeInvis .   I - +6 broad axe of the Scorpion {freeze, rN+ Dex+5}
rCold    + + .     Gourm    .   M - +0 shield
rNeg     + + +     Faith    .   u - +10 plate armour of Winter {*Drain rN+ rCorr Dex+4}
rPois    +         Spirit   .   (helmet restricted)
rElec    .         Reflect  .   E - +2 ratskin cloak {+Rats rPois rN+ Str-1 Int-1 Dex+1}
rCorr    +         Harm     .   y - +2 pair of gloves {Dex+3}
MR       ++++.     Clarity  +   D - +1 centaur barding Stlth ..........Rnd*Tele +
                                T - amulet of the acrobat
HPRegen  0.34/turn              s - +5 ring of protection
MPRegen  0.20/turn              J - ring "Ucaebuga" {rC++ MR++ Int-3 Dex+2}

@: acrobat, very slightly contaminated, very quick
A: large, hooves 3, horns 1, repulsion field 1, clarity, deformed body, speed 2,
magic resistance 1, teleportitis 1, tough skin 3, no potion heal 1
a: Depart the Abyss, Bend Space, Banish, Corrupt, Enter the Abyss, Renounce
Religion, Evoke Ratskin


You were on level 1 of the Depths.
You worshipped Lugonu.
Lugonu was extremely pleased with you.
You were hungry.

You visited 6 branches of the dungeon, and saw 29 of its levels.
You visited the Abyss 3 times.
You also visited: Ice Cave.

You collected 3375 gold pieces.
You spent 667 gold pieces at shops.

Inventory:

Hand Weapons
 a - a +7 hand axe
 I - the +6 broad axe of the Scorpion (weapon) {freeze, rN+ Dex+5}
   (You found it on level 8 of the Dungeon)

   It has been specially enchanted to freeze those struck by it, causing extra
   injury to most foes and up to half again as much damage against particularly
   susceptible opponents.
   It can also slow down cold-blooded creatures.
   It affects your dexterity (+5).
   It protects you from negative energy.
 V - a +5 war axe of holy wrath
Missiles
 p - 46 boomerangs (quivered)
Armour
 u - the +10 plate armour of Winter (worn) {*Drain rN+ rCorr Dex+4}
   (You found it in an ice cave)

   It affects your dexterity (+4).
   It protects you from negative energy.
   It provides partial protection from all sources of acid and corrosion.
   It causes draining when unequipped.
 w - a +0 helmet
 y - a +2 pair of gloves of dexterity (worn)
 D - a +1 centaur barding (worn)
 E - the +2 ratskin cloak (worn) {+Rats rPois rN+ Str-1 Int-1 Dex+1}
   (You found it on level 6 of the Dungeon)

   It affects your strength (-1).
   It affects your intelligence (-1).
   It affects your dexterity (+1).
   It protects you from poison.
   It protects you from negative energy.
 M - a +0 shield (worn)
 S - a +0 cloak of invisibility
Jewellery
 b - an uncursed ring of protection from cold
 g - an uncursed ring of protection from cold
 r - an uncursed ring of protection from magic
 s - a +5 ring of protection (left hand)
 A - a +3 ring of evasion
 B - an uncursed ring of positive energy
 J - the ring "Ucaebuga" (right hand) {rC++ MR++ Int-3 Dex+2}
   (You bought it in a shop on level 2 of the Orcish Mines)

   [ring of dexterity]

   It affects your intelligence (-3).
   It affects your dexterity (+2).
   It greatly protects you from cold.
   It affects your resistance to hostile enchantments.
 Q - an uncursed ring of protection from fire
 T - an amulet of the acrobat (around neck)
Wands
 q - a wand of digging (8)
 R - a wand of disintegration (10)
Scrolls
 e - 2 scrolls of identify
 o - 8 scrolls of teleportation
 G - 5 scrolls of magic mapping
 H - 4 scrolls of fear
 K - 7 scrolls of blinking
 O - 9 scrolls of remove curse
 U - a scroll of fog
Potions
 d - a potion of invisibility
 f - 4 potions of brilliance
 h - 2 potions of curing
 i - 6 potions of cancellation
 j - 6 potions of might
 k - 9 potions of flight
 l - 3 potions of agility
 t - 2 potions of berserk rage
 x - 4 potions of haste
 L - a potion of magic {unknown}
 N - 4 potions of heal wounds
 P - 3 potions of ambrosia {unknown}
Miscellaneous
 F - a lamp of fire
Comestibles
 c - 45 rations


   Skills:
 + Level 11.4 Fighting
 + Level 15.7 Axes
 + Level 0.2 Throwing
 * Level 11.5 Armour
 * Level 10.5 Dodging
 + Level 7.5 Shields
 * Level 14.2 Invocations
 + Level 2.2 Evocations


You had 16 spell levels left.
You didn't know any spells.
Your spell library contained the following spells:

 Spells                   Type           Power        Failure   Level  Hunger
 Animate Skeleton         Necr           N/A          100%        1    ##.....
 Beastly Appendage        Tmut           #.....       100%        1    ##.....
 Corona                   Hex            #......      100%        1    ##.....
 Flame Tongue             Conj/Fire      #....        100%        1    ##.....
 Freeze                   Ice            #...         100%        1    ##.....
 Pain                     Necr           #...         100%        1    ##.....
 Sting                    Conj/Pois      #...         100%        1    ##.....
 Summon Butterflies       Summ           #.......     100%        1    ##.....
 Ensorcelled Hibernation  Hex/Ice        #.....       100%        2    ###....
 Poisonous Vapours        Pois/Air       #.....       100%        2    ###....
 Sticks to Snakes         Tmut           #.......     100%        2    ###....
 Throw Flame              Conj/Fire      #.....       100%        2    ###....
 Throw Frost              Conj/Ice       #.....       100%        2    ###....
 Call Canine Familiar     Summ           #.......     100%        3    ####...
 Confuse                  Hex            #.......     100%        3    ####...
 Conjure Flame            Conj/Fire      #.......     100%        3    ####...
 Dazzling Spray           Conj/Hex       #.....       100%        3    ####...
 Inner Flame              Hex/Fire       #.......     100%        3    ####...
 Mephitic Cloud           Conj/Pois/Air  #.......     100%        3    ####...
 Regeneration             Chrm/Necr      #.........   100%        3    ####...
 Spider Form              Tmut/Pois      #.........   100%        3    ####...
 Tukima's Dance           Hex            #.......     100%        3    ####...
 Vampiric Draining        Necr           #.........   100%        3    ####...
 Animate Dead             Necr           N/A          100%        4    #####..
 Ice Form                 Ice/Tmut       #.......     100%        4    #####..
 Leda's Liquefaction      Hex/Erth       #.........   100%        4    #####..
 Olgreb's Toxic Radiance  Pois           #.......     100%        4    #####..
 Sticky Flame             Conj/Fire      #.......     100%        4    #####..
 Summon Ice Beast         Ice/Summ       #.......     100%        4    #####..
 Blade Hands              Tmut           #.........   100%        5    ######.
 Bolt of Magma            Conj/Fire/Erth #.........   100%        5    ######.
 Fireball                 Conj/Fire      #.........   100%        5    ######.
 Metabolic Englaciation   Hex/Ice        #.........   100%        5    ######.
 Summon Mana Viper        Hex/Summ       #.......     100%        5    ######.
 Venom Bolt               Conj/Pois      #.........   100%        5    ######.
 Yara's Violent Unravell  Hex/Tmut       #.........   100%        5    ######.
 Bolt of Cold             Conj/Ice       #.........   100%        6    #######
 Freezing Cloud           Conj/Ice/Air   #.........   100%        6    #######
 Hydra Form               Tmut           #.........   100%        6    #######
 Iron Shot                Conj/Erth      #.........   100%        6    #######
 Ozocubu's Refrigeration  Ice            #.........   100%        6    #######
 Simulacrum               Ice/Necr       #.........   100%        6    #######
 Statue Form              Tmut/Erth      #........    100%        6    #######
 Summon Hydra             Summ           #.........   100%        7    #######
 Shatter                  Erth           #.........   100%        9    #######


Dungeon Overview and Level Annotations

Branches:
Dungeon (15/15)            Temple (0/1) D:6            Lair (6/6) D:11
  Swamp (4/4) Lair:2        Snake (1/4) Lair:3        Slime (0/5) Lair:6
    Orc (2/2) D:12            Elf (0/3) Orc:2        Vaults (0/5) D:14
 Depths (1/5) D:15

Altars:
Hepliaklqana
Kikubaaqudgha
Qazlal
Ru
Sif Muna
Trog
Vehumet
Xom
Zin
The Shining One
Beogh
Jiyva

Shops:
D:9 [   Orc:1 }   Orc:2 ==!*

Annotations:
D:5 Menkaure
Swamp:4 Lernaean hydra


Innate Abilities, Weirdness & Mutations

You have hooves in place of feet.
Armour fits poorly on your strangely shaped body.
You cover ground very quickly.
You have extremely tough skin. (AC +3)
You have a pair of small horns on your head.
You are surrounded by a mild repulsion field. (EV +2)
You possess an exceptional clarity of mind.
You are resistant to hostile enchantments. (MR+)
You are occasionally teleported next to monsters.
Potions are less effective at restoring your health.


Message History

* * * LOW HITPOINT WARNING * * *
You block the fire dragon's attack.
The fire dragon claws you but does no damage.
The fire dragon tramples you but does no damage.
You block the fire giant's attack.
Blink to where?
Press: ? - help, Dir - move target cursor You are very lightly contaminated with residual magic.
As you read the scroll of blinking, it crumbles to dust.
The hell knight's soul is no longer bound.
The fire dragon's soul is no longer bound.
The hell knight gestures wildly while chanting.
The hell knight blinks!
The hell knight gestures wildly while chanting.
The hell knight blinks!
Things that are here:
a +0 troll leather armour; an arrow The hell knight casts a spell at you.
The bolt of fire hits you!
You die...

###............#....###.##
#......[####..##.##.#...#
#.........#...#.........#
#........#.....)...(....#
##........#......[....#.##
###...........p#..(.....###
.......≈≈≈≈≈D..[.(≈[....#
..≈≈≈≈≈≈≈≈§C).##[.≈≈..(.#
..≈≈≈≈≈≈≈≈p.###<@.≈..#.##
..≈≈≈≈≈..p...#...(...###
..≈≈.........##..#...#
..≈p.........#.#.#####
.≈≈≈.........#.#.##
........##........#
..#.....#........##
###.[...##..##.#.#
...##.############


You could see a hell knight.

Vanquished Creatures
  2 acid blobs (Lair:6)
  Agnes (D:15)
  3 thorn hunters
  Kirke (Swamp:3)
  2 frost giants
  Aizul (Swamp:1)
  An orc warlord (Orc:1)
  2 very ugly things
  2 stone giants
  6 dire elephants
  A merfolk javelineer (Depths:1)
  A yaktaur captain (D:15)
  A merfolk impaler (Depths:1)
  2 great orbs of eyes
  2 fire dragons (D:15)
  A rakshasa (Depths:1)
  Josephine (Lair:2)
  2 shambling mangroves
  9 hydras
  The ghost of PeterQ the Covert, a journeyman GnAs of the Shining One (D:11)
  A ghost crab (Swamp:3)
  Erica (D:8)
  An anaconda (Lair:6)
  5 centaur warriors
  2 death knights
  2 catoblepae
  2 dancing weapons (D:14)
  12 two-headed ogres
  2 tengu warriors (Depths:1)
  5 alligators
  9 death yaks
  2 ogre magi
  A deep troll earth mage (Depths:1)
  4 deep troll shamans
  The ghost of hemabe the Charlatan, a novice HuAr of Trog (D:8)
  An iron troll (Depths:1)
  4 orc high priests (Orc:2)
  Urug (D:11)
  12 spriggans
  9 skeletal warriors
  A sixfirhy (Abyss:1)
  A hell knight (Depths:1)
  4 unseen horrors
  5 spriggan druids
  2 wizards
  2 phantasmal warriors
  5 deep trolls (Depths:1)
  2 large abominations (Abyss:1)
  9 swamp dragons
  A flayed ghost (D:15)
  Pikel (D:5)
  5 orc knights
  3 orc sorcerers (Orc:2)
  A harpy (shapeshifter) (D:15)
  A necromancer (Depths:1)
  10 ugly things
  4 manticores
  4 cyclopes
  6 centaur zombies
  9 elephants (Lair:6)
  Joseph (D:8)
  An ice statue (IceCv)
  2 black mambas
  2 gargoyles
  An efreet (D:15)
  19 spiny frogs
  5 komodo dragons
  5 freezing wraiths
  A rime drake (Lair:4)
  9 yaktaurs
  A tengu conjurer (Depths:1)
  9 trolls
  16 hornets
  13 polar bears (IceCv)
  6 tyrant leeches
  Prince Ribbit (D:8)
  5 bog bodies
  Grinder (D:5)
  18 blink frogs
  15 slime creatures
  6 hippogriffs
  A meliai zombie (D:15)
  3 shadows
  8 wraiths
  A water elemental (Depths:1)
  A vampire (D:14)
  2 basilisks
  A human (D:12)
  58 yaks
  5 wyverns
  5 hogs
  38 vampire mosquitoes
  A chaos spawn (Abyss:1)
  A steam dragon (D:12)
  3 neqoxecs (Abyss:1)
  A hungry ghost (D:7)
  3 wargs
  An acid dragon (D:12)
  10 swamp worms
  6 insubstantial wisps
  2 soldier ants
  Duvessa (D:4)
  9 porcupines
  19 water moccasins
  38 orc warriors
  A phantom (D:10)
  4 sky beasts
  2 necrophages
  8 swamp drakes
  2 black bears
  14 ice beasts
  A slave (D:5)
  23 wolves (IceCv)
  An eye of draining (D:13)
  15 ogres
  17 centaurs
  13 crocodiles
  6 big kobolds
  Blork the orc (D:5)
  A small abomination (Abyss:1)
  13 bullfrogs
  Dowan (D:4)
  4 gnoll sergeants (D:12)
  A wyvern skeleton (D:9)
  2 scorpions
  5 killer bees (D:9)
  17 wights
  3 howler monkeys
  5 crimson imps
  3 bullfrog zombies
  6 hounds
  A quasit (D:12)
  A jelly (Abyss:1)
  Crazy Yiuf (D:7)
  14 orc priests
  A bullfrog skeleton (D:9)
  An iron imp (Abyss:1)
  28 orc wizards
  3 centaur skeletons
  Jessica (D:2)
  A gnoll shaman (D:9)
  6 iguanas
  7 hell rats
  11 worker ants
  An ogre zombie (Abyss:1)
  A hound zombie (D:8)
  A howler monkey zombie (D:11)
  A worker ant zombie (D:5)
  16 gnolls
  20 adders
  6 river rats (D:6)
  2 shadow imps
  An ooze (D:3)
  An adder skeleton (D:4)
  3 worms
  4 dart slugs
  5 leopard geckos
  116 orcs
  6 bats
  2 giant cockroaches
  22 goblins
  12 hobgoblins
  14 jackals
  8 quokkas
  2 ball pythons (Lair:3)
  2 frilled lizards
  27 kobolds
  A leopard gecko skeleton (D:7)
  2 leopard gecko zombies
  A quokka zombie (D:6)
  21 rats
  6 briar patches (Swamp:2)
  2 fungi
  5 plants
1106 creatures vanquished.

Vanquished Creatures (others)
  8 hydras
  A troll (D:14)
  A tyrant leech (Lair:2)
  Sigmund (D:5)
  3 orc priests (Orc:2)
  Robin (D:4)
  7 briar patches (Swamp:3)
  2 bushes (D:11)
  6 fungi
  A lurking horror (Abyss:1)
  9 plants
  5 toadstools (Swamp:3)
45 creatures vanquished.

Grand Total: 1151 creatures vanquished

Notes
Turn   | Place    | Note
-------+----------+-------------------------------------------
     0 | Abyss:1  | Gargoyl the Centaur Abyssal Knight began the quest for the
                  | Orb.
     0 | Abyss:1  | Reached XP level 1. HP: 19/19 MP: 2/2
    33 | Abyss:1  | Noticed a quasit
    39 | Abyss:1  | Noticed a small abomination
    42 | Abyss:1  | Noticed a small abomination
    45 | Abyss:1  | Noticed an ancient zyme
   133 | Abyss:1  | Noticed a wretched star
   136 | D:1      | Escaped the Abyss
   339 | D:1      | Reached * piety under Lugonu
   344 | D:1      | Reached XP level 2. HP: 18/26 MP: 3/3
   740 | D:1      | Reached skill level 1 in Dodging
   830 | D:1      | Reached skill level 2 in Axes
  1486 | D:2      | Reached XP level 3. HP: 31/31 MP: 4/4
  1728 | D:2      | Noticed Jessica
  1748 | D:2      | Killed Jessica
  1748 | D:2      | Reached XP level 4. HP: 31/38 MP: 5/5
  2301 | D:3      | Gained mutation: You have a pair of small horns on your
                  | head. [potion of mutation]
  2301 | D:3      | Gained mutation: You can translocate small distances at
                  | will. [potion of mutation]
  2301 | D:3      | Gained mutation: You are clumsy. (Dex -2) [potion of
                  | mutation]
  2301 | D:3      | Lost mutation: You are clumsy. (Dex -2) [potion of
                  | mutation]
  2342 | D:3      | Found a stormy altar of Qazlal.
  2453 | D:3      | Reached ** piety under Lugonu
  2854 | D:3      | Reached XP level 5. HP: 38/45 MP: 7/7
  2872 | D:3      | Reached skill level 3 in Axes
  3388 | D:3      | Reached XP level 6. HP: 19/52 MP: 8/8
  3695 | D:4      | Found a glowing golden altar of the Shining One.
  3773 | D:4      | Noticed Duvessa
  3774 | D:4      | Noticed Dowan
  4032 | D:4      | Killed Duvessa
  4032 | D:4      | Reached XP level 7. HP: 30/58 MP: 9/9
  4046 | D:3      | Reached skill level 4 in Axes
  4290 | D:4      | HP: 2/58 [Dowan/shard of ice (25)]
  4294 | D:4      | Killed Dowan
  4515 | D:4      | Reached *** piety under Lugonu
  4593 | D:4      | Noticed Robin
  4621 | D:4      | Killed Robin
  4631 | D:4      | Found a radiant altar of Vehumet.
  4997 | D:4      | Found a bloodstained altar of Trog.
  4998 | D:4      | Found an ancient bone altar of Kikubaaqudgha.
  5008 | D:4      | Found a glowing silver altar of Zin.
  5430 | D:4      | Found a deep blue altar of Sif Muna.
  5702 | D:5      | Entered Level 5 of the Dungeon
  5937 | D:5      | Reached XP level 8. HP: 50/66 MP: 8/11
  5956 | D:5      | Noticed Pikel
  5981 | D:5      | Killed Pikel
  5981 | D:5      | Reached skill level 5 in Axes
  5981 | D:5      | Reached skill level 1 in Evocations
  6168 | D:5      | Noticed Grinder
  6171 | D:5      | Paralysed by Grinder for 7 turns
  6186 | D:5      | Killed Grinder
  6186 | D:5      | Reached skill level 1 in Shields
  6186 | D:5      | Reached skill level 5 in Invocations
  6309 | D:5      | Killed Sigmund
  6426 | D:5      | Reached **** piety under Lugonu
  6614 | D:5      | Noticed Blork the orc
  6632 | D:5      | Killed Blork the orc
  6733 | D:5      | Noticed Menkaure
  6734 | D:5      | You fall into a shaft and drop 2 floors!
  6855 | D:7      | Found a runed translucent door.
  6856 | D:7      | Noticed Crazy Yiuf
  6879 | D:7      | Reached XP level 9. HP: 72/72 MP: 12/12
  6893 | D:7      | Reached skill level 5 in Armour
  7243 | D:6      | Found a staircase to the Ecumenical Temple.
  7719 | D:6      | Found a hazy altar of Hepliaklqana.
  7720 | D:6      | Found a shimmering altar of Xom.
  7721 | D:6      | Noticed a spectral ugly thing
  7766 | D:6      | Reached skill level 5 in Fighting
  7830 | D:6      | Reached skill level 6 in Axes
  7940 | D:6      | Reached ***** piety under Lugonu
  8542 | D:6      | Found the +2 ratskin cloak {+Rats rPois rN+ Str-1 Int-1
                  | Dex+1}
  9775 | D:7      | Killed Crazy Yiuf
  9823 | D:8      | Noticed Joseph
  9975 | D:8      | Noticed Prince Ribbit
  9992 | D:8      | Killed Prince Ribbit
  9992 | D:8      | Reached XP level 10. HP: 49/81 MP: 8/14
 10167 | D:8      | Noticed Erica
 10202 | D:8      | Killed Erica
 10202 | D:8      | Reached skill level 7 in Axes
 10442 | D:8      | Killed Joseph
 10679 | D:8      | Found a runed translucent gate.
 10679 | D:8      | Found a runed translucent gate.
 10680 | D:8      | Found a runed translucent gate.
 10681 | D:8      | Noticed a nine-headed hydra
 10682 | D:8      | Noticed hemabe's ghost (novice HuAr)
 10778 | D:8      | Killed hemabe's ghost
 10799 | D:8      | Banished a nine-headed hydra
 10967 | D:8      | Got a bloodstained broad axe
 10972 | D:8      | Identified the +6 broad axe of the Scorpion {freeze, rN+
                  | Dex+5} (You found it on level 8 of the Dungeon)
 11686 | D:9      | Reached skill level 8 in Axes
 11717 | D:9      | Found Ugecal's Antique Armour Emporium.
 11767 | D:9      | Reached XP level 11. HP: 89/89 MP: 16/16
 11871 | D:6      | Lost mutation: You have a pair of small horns on your head.
                  | [potion of mutation]
 11871 | D:6      | Lost mutation: You can translocate small distances at will.
                  | [potion of mutation]
 11871 | D:6      | Gained mutation: Scrolls take you a little longer to read.
                  | [potion of mutation]
 11871 | D:6      | Gained mutation: You tend to lose your temper in combat.
                  | [potion of mutation]
 11871 | D:6      | Gained mutation: Your spells are a little harder to cast,
                  | but a little more powerful. [potion of mutation]
 12074 | D:9      | Reached skill level 5 in Dodging
 12289 | D:10     | Entered Level 10 of the Dungeon
 12314 | D:10     | Found a hazy altar of Hepliaklqana.
 13023 | D:11     | Noticed Urug
 13033 | D:11     | Noticed a two-headed ogre
 13221 | D:11     | Found a staircase to the Lair.
 13282 | D:10     | Reached ****** piety under Lugonu
 13516 | D:11     | Reached skill level 9 in Axes
 13531 | D:11     | Identified the +8 whip of Sihasus {freeze, rPois}
 13561 | D:11     | Killed Urug
 13728 | D:11     | Killed a two-headed ogre
 14116 | D:11     | Found a large runed translucent door.
 14116 | D:11     | Found a large runed translucent door.
 14294 | D:11     | Noticed PeterQ's ghost (journeyman GnAs)
 14781 | D:11     | Killed PeterQ's ghost
 15002 | Lair:1   | Entered Level 1 of the Lair of Beasts
 15036 | Lair:1   | Found a frozen archway.
 15064 | IceCv    | Entered an ice cave
 15141 | IceCv    | Reached XP level 12. HP: 91/97 MP: 18/18
 15388 | IceCv    | Got a bloodstained plate armour
 15455 | IceCv    | Identified the +10 plate armour of Winter {*Drain rN+ rCorr
                  | Dex+4} (You found it in an ice cave)
 15486 | IceCv    | Reached skill level 10 in Axes
 16217 | IceCv    | Noticed a death yak
 16220 | IceCv    | Noticed a death yak
 16231 | IceCv    | Killed a death yak
 16238 | IceCv    | Killed a death yak
 16505 | IceCv    | Noticed a frost giant
 16505 | IceCv    | Noticed a death yak
 16535 | IceCv    | Killed a frost giant
 17057 | IceCv    | Killed a death yak
 17307 | IceCv    | Identified Sif Muna's Almanac of Igneous Changing
 17313 | IceCv    | Identified Sif Muna's Volume of Snow
 17790 | Lair:1   | Noticed a five-headed hydra
 17794 | Lair:1   | Banished a five-headed hydra
 17923 | Lair:1   | Got a twisted scale mail
 18252 | Lair:2   | Reached XP level 13. HP: 101/106 MP: 20/20
 18377 | Lair:2   | Found a staircase to the Swamp.
 18385 | Lair:2   | Reached skill level 10 in Invocations
 18968 | Lair:3   | You fall into a shaft and drop 1 floor!
 19298 | Lair:3   | Reached skill level 11 in Axes
 19915 | Lair:3   | Found a staircase to the Snake Pit.
 22673 | Lair:6   | Entered Level 6 of the Lair of Beasts
 22871 | Lair:6   | Reached skill level 12 in Axes
 22871 | Lair:6   | Reached XP level 14. HP: 116/116 MP: 22/22
 23358 | Lair:6   | Found a runed translucent door.
 23360 | Lair:6   | Found a viscous altar of Jiyva.
 23361 | Lair:6   | Found a staircase to the Slime Pits.
 23362 | Lair:6   | Noticed an acid blob
 23363 | Lair:6   | Noticed an acid blob
 23370 | Lair:6   | Killed an acid blob
 23375 | Lair:6   | Killed an acid blob
 24610 | Lair:5   | Reached skill level 5 in Shields
 25513 | Lair:6   | Got a bone scythe
 25518 | Lair:6   | Identified the +12 scythe of Funol {slice, +Inv rPois Str-5
                  | Stlth+} (You found it on level 6 of the Lair of Beasts)
 25602 | Lair:6   | Identified a scroll of acquirement
 25608 | Lair:6   | Identified the cursed +1 scale mail of Analysis {Dex+4}
                  | (You found it on level 1 of the Lair of Beasts)
 26427 | D:12     | Found a staircase to the Orcish Mines.
 27582 | D:13     | Found a roughly hewn altar of Beogh.
 27590 | D:13     | Reached skill level 13 in Axes
 27997 | D:13     | Reached skill level 10 in Armour
 28156 | D:13     | Reached XP level 15. HP: 124/124 MP: 23/23
 29089 | D:14     | Found a gate to the Vaults.
 29539 | D:15     | Entered Level 15 of the Dungeon
 29633 | D:15     | Found a sacrificial altar of Ru.
 30061 | D:15     | Noticed Agnes
 30076 | D:15     | Killed Agnes
 30081 | D:15     | Reached skill level 10 in Fighting
 30194 | Abyss:1  | Found a corrupted altar of Lugonu.
 30222 | Abyss:1  | Lost mutation: You tend to lose your temper in combat.
                  | [potion of mutation]
 30222 | Abyss:1  | Lost mutation: Scrolls take you a little longer to read.
                  | [potion of mutation]
 30222 | Abyss:1  | Lost mutation: Your spells are a little harder to cast, but
                  | a little more powerful. [potion of mutation]
 30222 | Abyss:1  | Gained mutation: You have a pair of small horns on your
                  | head. [potion of mutation]
 30222 | Abyss:1  | Gained mutation: You possess an exceptional clarity of
                  | mind. [potion of mutation]
 30222 | Abyss:1  | Gained mutation: You are surrounded by a mild repulsion
                  | field. (EV +2) [potion of mutation]
 30259 | D:15     | Escaped the Abyss
 31322 | D:15     | Found a staircase to the Depths.
 31330 | D:15     | Reached skill level 14 in Axes
 31489 | Orc:1    | Entered Level 1 of the Orcish Mines
 31489 | Orc:1    | Found Sineed's Gadget Emporium.
 31588 | Orc:2    | Entered Level 2 of the Orcish Mines
 31737 | Orc:1    | Noticed an orc warlord
 31763 | Orc:1    | Killed an orc warlord
 33555 | Orc:2    | Reached XP level 16. HP: 108/134 MP: 25/25
 33720 | Orc:2    | Found a staircase to the Elven Halls.
 33872 | Orc:2    | Gained mutation: Potions are less effective at restoring
                  | your health. [a neqoxec]
 34409 | Orc:2    | Found Pidoy's General Store.
 34409 | Orc:2    | Found Ciffep's Jewellery Boutique.
 34415 | Orc:2    | Found Yjue's Distillery.
 34415 | Orc:2    | Found Atudedi's Jewellery Boutique.
 34473 | Orc:2    | Bought 3 scrolls of blinking for 292 gold pieces
 34476 | Orc:2    | Bought the ring "Ucaebuga" {rC++ MR++ Int-3 Dex+2} for 375
                  | gold pieces
 34779 | Swamp:1  | Entered Level 1 of the Swamp
 34779 | Swamp:1  | Noticed Josephine
 35388 | Lair:2   | Killed Josephine
 35551 | Swamp:1  | Noticed Aizul
 35578 | Swamp:1  | Killed Aizul
 37105 | Swamp:2  | Noticed a thorn hunter
 37120 | Swamp:2  | Killed a thorn hunter
 38115 | Swamp:3  | Noticed a thorn hunter
 38356 | Swamp:3  | Killed a thorn hunter
 38551 | Swamp:3  | Noticed a thorn hunter
 38564 | Swamp:3  | Reached skill level 15 in Axes
 38572 | Swamp:3  | Killed a thorn hunter
 38962 | Swamp:3  | Reached skill level 10 in Dodging
 39244 | Swamp:3  | Identified the cursed +1 leather armour of Autumn {*Slow
                  | rN+ Regen+}
 39254 | Swamp:3  | Noticed Kirke
 39263 | Swamp:3  | Killed Kirke
 39263 | Swamp:3  | Reached XP level 17. HP: 102/143 MP: 27/27
 39746 | Swamp:4  | Entered Level 4 of the Swamp
 40235 | Swamp:4  | Noticed the 27-headed Lernaean hydra
 40913 | Snake:1  | Entered Level 1 of the Snake Pit
 41026 | Abyss:1  | Gained mutation: You are occasionally teleported next to
                  | monsters. [a neqoxec]
 41032 | Abyss:1  | Gained mutation: You are resistant to hostile enchantments.
                  | (MR+) [a neqoxec]
 41332 | Abyss:1  | Noticed an ancient lich
 41333 | Snake:1  | Escaped the Abyss
 41685 | Depths:1 | Entered Level 1 of the Depths
 43896 | Depths:1 | Killed from afar by a hell knight

Levels and vault maps discovered:
D:1:      dpeg_arrival_leaves_temple_mockup, layout_basic, minmay_unequal
D:2:      layout_rooms, minmay_split_cup_small, uniq_jessica
D:3:      layout_basic, lemuel_round_altar
D:4:      cheibrodos_greedy_goblins, layout_rooms,
          nicolae_overflow_quartered_altars, vehumet_altar_wand_db,
          led_sif_book, first_ration, minmay_cupped, uniq_duvessa, uniq_robin
D:5:      layout_basic, overflow_temple_1_default, roderic_batcave,
          chequers_serial_rivers_micro_a, serial_bayou_crossing,
          uniq_blork_the_orc, uniq_sigmund, uniq_pikel, uniq_grinder,
          uniq_menkaure
D:6:      wander_guarded_unrand_ratskin, layout_loops_ring,
          regret_index_temple_of_mockery, minmay_temple_entry_purple_smoke,
          hangedman_decor_lopped, grunt_ministairs_3
D:7:      layout_basic, uniq_crazy_yiuf_cottage
D:8:      layout_rooms, gammafunk_ghost_hydra_chop, uniq_prince_ribbit1,
          uniq_joseph, uniq_erica
D:9:      layout_loops_ring, serial_shops, shop_fountains
D:10:     layout_cave_pods, basic_altar
D:11:     layout_rooms, minmay_lair_entry_grove, serial_co_window_serial,
          co_window_paths_a, co_window_cross_1, co_window_paths_a,
          co_window_of_opportunity_a, co_window_paths_a,
          co_window_of_opportunity_b, co_window_of_opportunity_b,
          co_window_broadway_b, co_window_cross_3, co_window_unsneaky_path_a,
          co_window_cross_4, co_window_sun, glass_columns_a, glass_columns_a,
          glass_columns_a, glass_columns_c, ebering_ghost_disaster_area,
          uniq_urug
D:12:     layout_irregular_city, kennysheep_orc_monster_closet_entryway,
          grunt_livestock
D:13:     layout_roguey, special_room [special_room_orc], gauntlet_entry_generic
D:14:     layout_cave_pools, erik_vaults_1, serial_glass, glass_columns_b,
          glass_columns_a, hex_medium
D:15:     grunt_enter_depths_snipers, layout_loops_cross,
          nicolae_ru_path_of_blood, uniq_agnes
Lair:1:   layout_gridlike, portal_ice_cave_entry_ice_beasts,
          eino_small_chamber_without_monster
Lair:2:   layout_loops_ring, skrybe_swamp_entry_bodies
Lair:3:   layout_small_grid, minmay_snake_entry_six_corridors,
          lemuel_fruit_fields, serial_bayou_shore_a
Lair:4:   layout_cave_pods
Lair:5:   statuecave_lemuel, layout_long_grid
Lair:6:   due_jungle_book, layout_long_grid, slime_altar_2, st_stairs_12,
          grunt_megastairs_3
Swamp:1:  layout_falls_marsh, hangedman_swamp_diagram,
          nicolae_swamp_triple_paths, uniq_aizul, uniq_josephine
Swamp:2:  layout_basic_swamp, nicolae_swamp_trees_clearing
Swamp:3:  cheibrodos_swamp_tower_of_moss, layout_falls_marsh,
          nicolae_swamp_orc_logging_accident, swamp_pool2, grunt_witch_cave,
          uniq_kirke
Swamp:4:  swamp_old_school, layout_basic_swamp
Snake:1:  layout_onion
Orc:1:    layout_caves, serial_shops, nicolae_shop_waterfront,
          nicolae_orc_pool_cavern
Orc:2:    grunt_orc_tribal_feast, layout_caves, enter_volcano_1
Depths:1: minmay_octagon_keep, layout_cave_pools,
          chequers_serial_rivers_small_3, hell_entry, nrook_mini_vaults, tgw_xom

Skill      XL: |  1  2  3  4  5  6  7  8  9 10 11 12 13 14 15 16 17 |
---------------+----------------------------------------------------+-----
Dodging        | 1 2 3 4 5 6 7 8 9 10 | 10.5
Axes           | 2 3 4 5 6 8 9 10 12 13 14 15 | 15.7
Armour         | 2 3 4 6 7 8 9 10 11 | 11.5
Invocations    | 3 4 5 6 7 8 9 11 12 13 14 | 14.2
Fighting       | 4 5 6 7 8 9 10 11 | 11.4
Evocations     | 1 2 |  2.2
Shields        | 1 2 4 5 6 7 |  7.5
Throwing       | |  0.2

Action                   |  1- 3 |  4- 6 |  7- 9 | 10-12 | 13-15 | 16-18 || total
-------------------------+-------+-------+-------+-------+-------+-------++-------
Melee: Hand axe          |    75 |   164 |   548 |    90 |       |       ||   877
       Kick              |    10 |    35 |   141 |   252 |   600 |   454 ||  1492
       Headbutt          |       |    15 |    86 |    41 |    58 |   289 ||   489
       Broad axe         |       |       |       |   560 |  1183 |   826 ||  2569
Throw: Boomerang         |       |       |     2 |     1 |     3 |       ||     6
Invok: Depart the Abyss  |     1 |       |       |       |     1 |     1 ||     3
       Banish            |       |       |       |     7 |     3 |    10 ||    20
       Enter the Abyss   |       |       |       |       |     1 |     1 ||     2
       Bend Space        |       |       |       |       |     1 |       ||     1
Evoke: Wand              |       |       |    14 |    18 |       |       ||    32
       Lamp of fire      |       |       |       |     1 |       |       ||     1
  Use: Scroll            |     2 |    10 |     7 |     9 |    19 |    10 ||    57
       Potion            |       |     1 |     3 |     3 |     6 |     6 ||    19
 Stab: Distracted        |       |       |       |       |       |     1 ||     1
  Eat: Chunk             |     2 |     5 |    19 |    18 |    22 |    13 ||    79
       Ration            |       |       |     2 |     2 |     7 |     6 ||    17
Armor: Leather armour    |    33 |       |       |       |       |       ||    33
       Ring mail         |     4 |    82 |    75 |       |       |       ||   161
       Chain mail        |       |       |   319 |   215 |       |       ||   534
       Scale mail        |       |       |       |   275 |       |       ||   275
       Plate armour      |       |       |       |    53 |   895 |   671 ||  1619
Dodge: Dodged            |    45 |    56 |   132 |   145 |   287 |   427 ||  1092
Block: Buckler           |       |    11 |    96 |    63 |       |       ||   170
       Shield            |       |       |       |   217 |   669 |   627 ||  1513

Table legend:
 A = Non-vault XP
 B = Vault XP
 C = Vault XP percentage of total XP
 D = Non-vault monster count
 E = Vault monster count
 F = Vault count percentage of total count
                 A         B        C        D         E       F
            +---------+---------+-------+---------+---------+-------
      Total |  193837 |   76057 |  28.2 |     813 |     293 |  26.5
            +---------+---------+-------+---------+---------+-------
        D:1 |      35 |       5 |  12.5 |      17 |       3 |  15.0
        D:2 |      46 |      41 |  47.1 |      19 |       4 |  17.4
        D:3 |     281 |       0 |   0.0 |      32 |       0 |   0.0
        D:4 |     456 |     370 |  44.8 |      25 |      27 |  51.9
        D:5 |     383 |    1002 |  72.3 |      11 |       3 |  21.4
        D:6 |    1434 |     304 |  17.5 |      35 |      25 |  41.7
        D:7 |     641 |      41 |   6.0 |      20 |       1 |   4.8
        D:8 |     577 |    2990 |  83.8 |      16 |       5 |  23.8
        D:9 |    3754 |       0 |   0.0 |      59 |       0 |   0.0
       D:10 |     535 |       0 |   0.0 |      13 |       0 |   0.0
       D:11 |    3190 |    3706 |  53.7 |      20 |      15 |  42.9
       D:12 |    5797 |    3147 |  35.2 |      31 |      25 |  44.6
       D:13 |   11671 |     686 |   5.6 |      41 |      25 |  37.9
       D:14 |   12864 |    1808 |  12.3 |      32 |       2 |   5.9
       D:15 |   28098 |    7011 |  20.0 |      48 |       6 |  11.1
     Lair:1 |    3464 |    1017 |  22.7 |      16 |       8 |  33.3
     Lair:2 |    5183 |    2325 |  31.0 |      13 |       7 |  35.0
     Lair:3 |    7306 |    1371 |  15.8 |      15 |      14 |  48.3
     Lair:4 |    5396 |       0 |   0.0 |      20 |       0 |   0.0
     Lair:5 |    9374 |       0 |   0.0 |      26 |       0 |   0.0
     Lair:6 |   11835 |   12022 |  50.4 |      39 |      18 |  31.6
    Swamp:1 |    4830 |    1566 |  24.5 |      13 |       1 |   7.1
    Swamp:2 |   17485 |       0 |   0.0 |      46 |       0 |   0.0
    Swamp:3 |   18723 |    7942 |  29.8 |      54 |       9 |  14.3
    Swamp:4 |    7498 |    7266 |  49.2 |      18 |      13 |  41.9
    Snake:1 |     427 |       0 |   0.0 |       1 |       0 |   0.0
      Orc:1 |    5447 |     642 |  10.5 |      51 |       1 |   1.9
      Orc:2 |    5349 |    7064 |  56.9 |      44 |      27 |  38.0
   Depths:1 |   18638 |     265 |   1.4 |      27 |       1 |   3.6
    Abyss:1 |    3120 |       0 |   0.0 |      11 |       0 |   0.0
      IceCv |       0 |   13466 | 100.0 |       0 |      53 | 100.0
            +---------+---------+-------+---------+---------+-------
